 Dungeon Crawl Stone Soup version 0.30-a0-782-ge64f9170bb (webtiles) character file.

Game seed: 12974244485909508635

3727 HoaS the Skirmisher (level 10, -5/53 HPs)
             Began as a Gargoyle Hunter on Mar 15, 2023.
             Was an Initiate of Gozag.
             Slain by a chaos spawn (14 damage)
             ... summoned by a kobold demonologist
             ... on level 9 of the Dungeon.
             The game lasted 00:13:19 (7110 turns).

HoaS the Skirmisher (Gargoyle Hunter)               Turns: 7110, Time: 00:13:20

Health: -5/53      AC: 13    Str: 14    XL:     10   Next: 14%
Magic:  10/10      EV: 16    Int: 11    God:    Gozag
Gold:   1586       SH:  0    Dex: 17    Spells: 9/9 levels left

rFire   . . .      SeeInvis .    f - +0 arbalest
rCold   . . .      Faith    .    (shield currently unavailable)
rNeg    + . .      Spirit   .    c - +0 leather armour
rPois   ∞          Reflect  .    (no helmet)
rElec   +          Harm     .    t - +0 cloak
rCorr   .          Rampage  .    (no gloves)
Will    .....                    i - +1 pair of boots
Stlth   ++                       (no amulet)
HPRegen 0.28/turn                (no ring)
MPRegen 0.12/turn                (no ring)

@: agile
A: sickness immunity, AC +7, negative energy resistance 1, electricity
resistance, torment resistance 1, petrification resistance
a: Renounce Religion, Potion Petition, Call Merchant, Bribe Branch


You were on level 9 of the Dungeon.
You worshipped Gozag.
Gozag was most pleased with you.
You visited 2 branches of the dungeon, and saw 10 of its levels.
You also visited: Sewer and Ossuary.

You collected 1731 gold pieces.
You spent 84 gold pieces at shops.
You paid 61 gold pieces to Gozag.

Inventory:

Hand Weapons
 f - a +0 arbalest (weapon)
Armour
 c - a +0 leather armour (worn)
 i - a +1 pair of boots (worn)
 t - a +0 cloak (worn)
Jewellery
 e - a ring of fire
Wands
 j - a wand of flame (11)
 l - a wand of digging (3)
 r - a wand of charming (10)
 u - a wand of light (13)
Scrolls
 a - a scroll of summoning
 b - a scroll of immolation
 m - 4 scrolls of fog
 q - 7 scrolls of teleportation
 s - a scroll of fear
Potions
 d - 2 potions of heal wounds
 g - a potion of cancellation
 k - 2 potions of curing
 n - a potion of haste
 o - a potion of attraction
 p - 6 potions of flight


   Skills:
 - Level 2.1 Fighting
 + Level 14.6 Ranged Weapons
 - Level 1.5 Dodging
 - Level 1.1 Stealth


You had 9 spell levels left.
You didn't know any spells.
Your spell library contained the following spells:

 Spells                   Type           Power      Damage    Failure   Level
 Beastly Appendage        Tmut           0%         N/A       41%         1
 Slow                     Hex            0%         N/A       41%         1
 Call Imp                 Summ           0%         N/A       56%         2
 Wereblood                Tmut           0%         N/A       56%         2
 Confusing Touch          Hex            0%         N/A       80%         3
 Spider Form              Tmut/Pois      0%         N/A       80%         3
 Vampiric Draining        Necr           0%         2d6       80%         3
 Vhi's Electric Charge    Tloc/Air       0%         N/A       80%         3
 Animate Armour           Summ/Erth      0%         N/A       99%         4
 Summon Ice Beast         Ice/Summ       0%         N/A       99%         4
 Arcjolt                  Conj/Air       0%         1d10      100%        5
 Blade Hands              Tmut           0%         N/A       100%        5
 Fireball                 Conj/Fire      0%         3d3       100%        5
 Iskenderun's Battlesphe  Conj           0%         2d6       100%        5
 Summon Forest            Summ/Tloc      0%         N/A       100%        5
 Conjure Ball Lightning   Conj/Air       0%         3x3d6     100%        6
 Iron Shot                Conj/Erth      0%         9d1       100%        6
 Summon Cactus Giant      Summ           0%         N/A       100%        6
 Orb of Destruction       Conj           0%         9d5       100%        7
 Maxwell's Capacitive Co  Air            0%         ∞         100%        8


Dungeon Overview and Level Annotations

Branches:
Dungeon (9/15)             Temple (1/1) D:7           Sewer (visited)
Ossuary (visited)
   Lair: D:8-11         Orc: D:9-12

Altars:
Ashenzari
Cheibriados
Dithmenos
Elyvilon
Fedhas
Gozag
Hepliaklqana
Kikubaaqudgha
Makhleb
Nemelex Xobeh
Okawaru
Sif Muna
Trog
Uskayaw
Vehumet
Wu Jian
Xom
Yredelemnul
The Shining One
Jiyva

Shops:
D:7 ?


Innate Abilities, Weirdness & Mutations

You are immune to sickness and miasma.
Your stone body is resilient. (AC +7)
You are immune to poison.
You resist negative energy. (rN+)
You are resistant to electric shocks. (rElec)
You are resistant to unholy torment.
You are immune to petrification.


Message History

The ufetubus barely misses you. x2
The chaos spawn gores you but does no damage.
The iron imp barely misses you.
The kobold demonologist hits you but does no damage.
The kobold hits you but does no damage.
You shoot a bolt.
The bolt barely misses the kobold demonologist.
The ufetubus hits you but does no damage.
The ufetubus closely misses you. The chaos spawn barely misses you.
The kobold demonologist hits you but does no damage.
The white imp sputters.
The kobold hits you but does no damage. The iron imp barely misses you.
You shoot a bolt.
The bolt closely misses the kobold demonologist.
The chaos spawn hits you.
You feel agile all of a sudden.
The kobold demonologist hits you but does no damage.
The kobold misses you.
The iron imp hits you but does no damage.
You shoot a bolt. The bolt hits the kobold demonologist!
The kobold demonologist is almost dead.
The chaos spawn barely misses you. The white imp gestures at you.
The puff of frost hits you. The kobold hits you but does no damage.
The kobold demonologist closely misses you.
The kobold demonologist miscasts a cantrip.
The iron imp hits you but does no damage.
The chaos spawn barely misses you.
You shoot a bolt.
The bolt barely misses the kobold demonologist.
The ynoxinul disappears in a puff of smoke!
The ufetubus disappears in a puff of smoke! x6
The white imp gestures at you. The puff of frost hits you.
The kobold completely misses you.
The kobold demonologist gestures wildly while chanting.
The chaos spawn hits you!
* * * LOW HITPOINT WARNING * * *
The chaos spawn freezes you!
You die...
Your body crumbles into a pile of gold.

#####...........
$ #...........
##..........
#.........
#.........
##35.##... #55##
.. ##4K# #@K#
#45#


#KK§K §§§5.§. .5§§....# .........# $ ###....... $$$ ....... $ $ You could see a
soul eater (summoned), 2 kobold demonologists, 2 chaos spawn, a kobold brigand,
2 iron imps, a quasit (summoned), 2 white imps and 2 kobolds.

Vanquished Creatures
  Pikel (D:8)
  The ghost of CoolSool the Slasher, an amateur BaGl of Hepliaklqana (D:5)
  A wyvern (D:8)
  A steam dragon (D:8)
  A water moccasin (D:5)
  A sky beast (D:7)
  An ice beast (D:5)
  2 black bears
  2 ogres
  A lemure (D:8)
  3 phantoms
  A gnoll sergeant (D:5)
  3 bullfrogs
  2 necrophages (D:6)
  8 wights
  A wyvern skeleton (D:5)
  3 centaur zombies
  A hound (D:6)
  4 jellies (D:8)
  5 orc priests
  5 iguanas
  6 orc wizards
  A malarious merfolk avatar (Sewer)
  A sickly merfolk siren (Sewer)
  2 mummies (Ossuary)
  4 gnolls (D:4)
  A river rat (Sewer)
  21 adders
  2 shadow imps
  5 worms
  20 orcs
  6 ball pythons
  2 bats
  7 endoplasms
  5 giant cockroaches
  3 gnoll zombies (Ossuary)
  8 goblins
  5 hobgoblins
  9 jackals
  4 quokkas
  8 frilled lizards
  4 goblin zombies (Ossuary)
  3 hobgoblin zombies (Ossuary)
  6 kobolds
  2 orc zombies (Ossuary)
  25 rats
208 creatures vanquished.

Vanquished Creatures (others)
  A scorpion (D:5)
  A howler monkey (D:5)
  A hound (D:5)
  A worm (D:5)
  5 fungi (D:4)
  8 plants
17 creatures vanquished.

Grand Total: 225 creatures vanquished

Notes
Turn   | Place    | Note
-------+----------+-------------------------------------------
     0 | D:1      | HoaS the Gargoyle Hunter began the quest for the Orb.
     0 | D:1      | Reached XP level 1. HP: 12/12 MP: 1/1
   203 | D:1      | Reached XP level 2. HP: 17/17 MP: 2/2
   949 | D:2      | Reached XP level 3. HP: 21/21 MP: 3/3
  1195 | D:2      | Reached skill level 5 in Ranged Weapons
  1280 | D:2      | Found a faded altar of an unknown god.
  1579 | D:2      | Reached XP level 4. HP: 18/26 MP: 4/4
  1650 | D:3      | Identified the +6 sling of the Blue God {freeze, rPois
                  | Will+ Int-3}
  1776 | D:3      | Identified the +0 mace of Jicagy {antimagic, Drain rF++
                  | Str+5}
  2044 | D:3      | Reached skill level 6 in Ranged Weapons
  2118 | D:3      | Found a glowing golden altar of the Shining One.
  2180 | D:3      | Reached XP level 5. HP: 30/30 MP: 5/5
  2363 | D:4      | Noticed a phantom
  2464 | D:4      | Killed a phantom
  2544 | D:4      | Got the Grimoire of Assembling
  2567 | D:4      | Reached skill level 7 in Ranged Weapons
  2567 | D:4      | Reached XP level 6. HP: 35/35 MP: 6/6
  2645 | D:4      | Found an opulent altar of Gozag.
  2658 | D:4      | Became a worshipper of Gozag Ym Sagoz the Greedy
  2723 | D:4      | Reached skill level 8 in Ranged Weapons
  2851 | D:4      | Reached XP level 7. HP: 40/40 MP: 7/7
  2968 | D:5      | Entered Level 5 of the Dungeon
  3006 | D:5      | Reached skill level 9 in Ranged Weapons
  3010 | D:5      | Found a shimmering altar of Xom.
  3214 | D:5      | Reached XP level 8. HP: 44/44 MP: 8/8
  3388 | D:5      | Found a glowing drain.
  3407 | Sewer    | Entered a sewer
  3451 | Sewer    | Reached skill level 10 in Ranged Weapons
  3884 | D:5      | Found a runed translucent gate.
  3884 | D:5      | Found a runed translucent gate.
  3887 | D:5      | Found a runed translucent gate.
  3889 | D:5      | Noticed CoolSool's ghost (amateur BaGl)
  4119 | D:5      | Reached skill level 11 in Ranged Weapons
  4401 | D:6      | Reached XP level 9. HP: 45/48 MP: 9/9
  4659 | D:5      | Reached skill level 12 in Ranged Weapons
  4664 | D:5      | Killed CoolSool's ghost
  4889 | D:7      | Found an ancient bone altar of Kikubaaqudgha.
  4908 | D:7      | Found a staircase to the Ecumenical Temple.
  4933 | Temple   | Entered the Ecumenical Temple
  5024 | D:7      | Found a broken altar of Ashenzari.
  5085 | D:7      | Reached skill level 13 in Ranged Weapons
  5684 | D:7      | Found Paifu's Magic Scroll Shoppe.
  5687 | D:7      | Bought a scroll of teleportation for 42 gold pieces
  5687 | D:7      | Bought a scroll of teleportation for 42 gold pieces
  5702 | D:7      | Found a blossoming altar of Fedhas.
  5845 | D:8      | Found a sand-covered staircase.
  5849 | Ossuary  | Entered an ossuary
  6261 | D:8      | Identified the +4 quarterstaff of Nugefryr {venom, +Blink
                  | SInv}
  6344 | D:8      | Found a viscous altar of Jiyva.
  6597 | D:8      | Noticed Pikel
  6624 | D:8      | Killed Pikel
  6625 | D:8      | Reached skill level 14 in Ranged Weapons
  6625 | D:8      | Reached XP level 10. HP: 47/53 MP: 10/10
  7091 | D:9      | Noticed a kobold demonologist
  7097 | D:9      | Noticed a kobold demonologist
  7110 | D:9      | Slain by a chaos spawn

Illustrated notes

Levels and vault maps discovered:
D:1:      onia_arrival_pyramid, layout_basic, chequers_serial_rivers_large_b
D:2:      minmay_alternating_diamond, layout_basic,
          hellmonk_ecumenical_altar_heavens_door
D:3:      layout_loops_ring, tso_oasis_becter, serial_bayou_lagoon_b
D:4:      layout_rooms, nicolae_gozag_cash_rules_everything_around_me,
          grunt_ministairs_14, dreamdust_mushroom_princess, serial_bayou_pond_b
D:5:      layout_basic, xom_confusion_cloud, gup_sewer_entry_bubbles,
          gammafunk_ghost_necromancy
D:6:      layout_cave_pools
D:7:      layout_basic, nicolae_overflow_hidden_temple,
          mainiacjoe_overflow_small_starburst, mainiacjoe_overflow_catwalk,
          minmay_temple_entry_hall, serial_shops, nicolae_shop_trees
D:8:      layout_gridville, lightli_ossuary_entry_decrepit_ruins, jiyva_altar_1,
          uniq_pikel
D:9:      layout_cave_pods, mainiacjoe_overflow_cross_hatched,
          mainiacjoe_overflow_paths, hiddenorc1_lemuel
Temple:   cyrus_circular_temple

Skill      XL: |  1  2  3  4  5  6  7  8  9 |
---------------+----------------------------+-----
Ranged Weapons | 5 6 7 8 9 11 14 | 14.6
Fighting       | |  2.1
Dodging        | |  1.5
Stealth        | |  1.1

Action                     |  1- 3 |  4- 6 |  7- 9 | 10-12 || total
---------------------------+-------+-------+-------+-------++-------
  Melee: Arbalest          |       |       |       |     1 ||     1
   Fire: Shortbow          |    31 |       |       |       ||    31
         Arbalest          |    49 |   107 |   374 |    71 ||   601
    Use: Scroll            |     6 |     2 |    10 |     1 ||    19
         Potion            |       |       |     1 |     1 ||     2
 Armour: Leather armour    |    14 |    22 |   104 |    57 ||   197
  Dodge: Dodged            |    22 |    28 |   112 |    50 ||   212

Table legend: (Time is in decaauts)
 A = Elapsed time spent in this place.
 B = Non-inter-level travel time spent in this place.
 C = Inter-level travel time spent in this place.
 D = Time resting spent in this place.
 E = Time spent auto-exploring this place.
 F = Levels seen in this place.
 G = Mean time per level.
                   A        B        C        D        E       F      G
               +--------+--------+--------+--------+--------+-----+--------+
         Total |   7508 |   7232 |    276 |    799 |   4818 |  12 |  625.7 |
       Dungeon |   6652 |   6385 |    267 |    664 |   4389 |   9 |  739.1 |
        Temple |     59 |     50 |      9 |      0 |     42 |   1 |   59.0 |
         Sewer |    487 |    487 |      0 |      0 |    278 |   1 |  487.0 |
       Ossuary |    309 |    309 |      0 |    135 |    108 |   1 |  309.0 |
               +--------+--------+--------+--------+--------+-----+--------+

Top non-repeatable levels by time:
     D:5: 958 daAuts
     D:7: 934 daAuts
     D:8: 913 daAuts
     D:3: 866 daAuts
     D:1: 851 daAuts
     D:2: 826 daAuts
     D:6: 614 daAuts
     D:4: 593 daAuts
   Sewer: 487 daAuts
 Ossuary: 309 daAuts
     D:9: 93 daAuts
  Temple: 59 daAuts
